 Dungeon Crawl Stone Soup version 0.30-a0-737-gf23d94013f (webtiles) character file.

Game seed: 2802746236277859617

13090 mopl the Fighter (level 12, -3/93 HPs)
             Began as a Formicid Warper on Feb 2, 2023.
             Was a Priest of Okawaru.
             Slain by a gargoyle
             ... wielding a +0 dire flail
              (14 damage)
             ... on level 10 of the Dungeon.
             The game lasted 00:23:45 (14795 turns).

mopl the Fighter (Formicid Warper)                 Turns: 14795, Time: 00:23:45

Health: -3/93      AC: 15    Str: 20    XL:     12   Next: 28%
Magic:  17/18      EV: 14    Int: 14    God:    Okawaru [***...]
Gold:   1056       SH:  7    Dex: 19    Spells: 8/17 levels left

rFire   + . .      SeeInvis +    a - +1 mace (drain)
rCold   . . .      Faith    +    S - +0 buckler
rNeg    . . .      Spirit   .    G - +1 chain mail {rF+}
rPois   +          Reflect  .    (helmet unavailable)
rElec   .          Harm     .    (no cloak)
rCorr   .          Rampage  .    (no gloves)
Will    +....                    B - +0 pair of boots Stlth
                                 l - amulet of faith {!P}
HPRegen 0.35/turn                D - ring of poison resistance
MPRegen 0.16/turn                o - +6 ring of dexterity

@: heroic
A: permanent stasis, dig shafts and tunnels, antennae 3, four strong arms
a: Dig, Shaft Self, Renounce Religion, Heroism


You were on level 10 of the Dungeon.
You worshipped Okawaru.
Okawaru was most pleased with you.
You visited 2 branches of the dungeon, and saw 13 of its levels.

You collected 1056 gold pieces.

Inventory:

Hand Weapons
 a - a +1 mace of draining (weapon)
 g - a +1 glaive of draining
 u - a +2 scimitar of flaming
 M - a +0 giant spiked club
 N - a +2 vampiric trident
Missiles
 c - 3 boomerangs
 d - 8 boomerangs of dispersal
 e - a throwing net
 p - 2 atropa-tipped darts
 q - 11 javelins
 v - 23 poisoned darts (quivered)
 L - 3 curare-tipped darts
 Y - 2 silver javelins
Armour
 B - a +0 pair of boots (worn)
 F - +1 steam dragon scales
 G - a +1 chain mail of fire resistance (worn)
 I - a +1 ring mail of fire resistance
 K - a +2 leather armour of poison resistance
 S - a +0 buckler (worn)
 X - a +10 plate armour of ponderousness
Jewellery
 l - an amulet of faith (around neck) {!P}
 o - a +6 ring of dexterity (right hand)
 D - a ring of poison resistance (left hand)
 V - a ring of willpower
 W - a ring of resist corrosion
Wands
 k - a wand of paralysis (4)
 r - a wand of digging (2)
 z - a wand of polymorph (2)
 Q - a wand of flame (12)
Scrolls
 b - 2 scrolls of poison {unknown}
 f - 4 scrolls of vulnerability {unknown}
 h - 4 scrolls of magic mapping
 i - 2 scrolls of fear {unknown}
 j - a scroll of brand weapon {unknown}
 m - a scroll of enchant weapon {unknown}
 w - 3 scrolls of teleportation {unknown}
 x - a scroll of acquirement {unknown}
 y - 3 scrolls of amnesia {unknown}
 E - a scroll of butterflies {unknown}
 R - a scroll of enchant armour {unknown}
 T - a scroll of immolation {unknown}
 U - a scroll of fog {unknown}
Potions
 n - 3 potions of flight
 s - a potion of ambrosia
 t - 3 potions of curing
 C - 2 potions of mutation {unknown}
 H - 2 potions of magic {unknown}
 J - a potion of berserk rage {unknown}
 O - a potion of lignification {!q}
Miscellaneous
 Z - a piece from Xom's chessboard (15/15)


   Skills:
 + Level 8.2(13.2) Fighting
 - Level 2.0(7.0) Maces & Flails
 + Level 7.2(12.2) Throwing
 + Level 8.1(13.1) Armour
 + Level 6.7(11.7) Dodging
 + Level 3.5(8.5) Shields
 - Level 3.0 Spellcasting
 + Level 7.2 Translocations
 - Level 8.0 Invocations
 + Level 7.0 Evocations


You had 8 spell levels left.
You knew the following spells:

 Your Spells              Type           Power      Damage    Failure   Level
a - Manifold Assault      Tloc           22%        N/A       58%         4
b - Vhi's Electric Charg  Tloc/Air       24%        N/A       71%         3
c - Lesser Beckoning      Tloc           44%        N/A       12%         2

Your spell library contained the following spells:

 Spells                   Type           Power      Damage    Failure   Level
 Teleport Other           Tloc           22%        N/A       22%         3
 Portal Projectile        Hex/Tloc       24%        N/A       71%         3
 Foxfire                  Conj/Fire      8%         2x1d4     83%         1
 Frozen Ramparts          Ice            4%         1d1       99%         3
 Ice Form                 Ice/Tmut       2%         N/A       100%        4
 Leda's Liquefaction      Hex/Erth       1%         N/A       100%        4
 Fireball                 Conj/Fire      1%         3d3       100%        5
 Starburst                Conj/Fire      1%         6d3       100%        6
 Blink                    Tloc           Unusable   N/A       N/A         2
 Call Canine Familiar     Summ           Unusable   N/A       N/A         3
 Summon Ice Beast         Ice/Summ       Unusable   N/A       N/A         4

Dungeon Overview and Level Annotations

Branches:
Dungeon (12/15)            Temple (1/1) D:4            Lair (0/5) D:8
    Orc: D:9-12

Altars:
Cheibriados
Dithmenos
Fedhas
Gozag
Hepliaklqana
Kikubaaqudgha
Makhleb
Nemelex Xobeh
Okawaru
Qazlal
Ru
Sif Muna
Trog
Vehumet
Wu Jian
Xom


Innate Abilities, Weirdness & Mutations

You cannot be hasted, slowed, berserked, paralysed or teleported.
You can dig through walls and to a lower floor.
You have a pair of large antennae on your head. (SInv)
Your four strong arms can wield two-handed weapons with a shield.


Message History

You are too injured to fight recklessly!
You are too injured to fight recklessly!
You are too injured to fight recklessly!
You are too injured to fight recklessly!
You are too injured to fight recklessly!
You are too injured to fight recklessly!
You are too injured to fight recklessly!
You are too injured to fight recklessly!
You gain the combat prowess of a mighty hero.
You can no longer speed up your combat.
The gargoyle hits you with a +0 dire flail.
You completely miss the gargoyle.
The gargoyle is moderately damaged.
The gargoyle hurls a stone arrow at you.
The stone arrow hits you!
* * * LOW HITPOINT WARNING * * *
You barely miss the gargoyle.
The gargoyle is moderately damaged.
The gargoyle misses you.
You hit the gargoyle.
The gargoyle is heavily damaged.
The gargoyle misses you.
You hit the gargoyle.
The gargoyle is heavily damaged.
The gargoyle hits you with a +0 dire flail.
* * * LOW HITPOINT WARNING * * *
You hit the gargoyle.
The gargoyle is severely damaged.
The gargoyle hits you with a +0 dire flail!
* * * LOW HITPOINT WARNING * * *
You hit the gargoyle but do no damage.
The gargoyle is severely damaged.
The gargoyle barely misses you.
You hit the gargoyle but do no damage.
The gargoyle is severely damaged.
You block the gargoyle's attack.
You hit the gargoyle but do no damage.
The gargoyle is severely damaged.
The gargoyle hits you with a +0 dire flail!
You die...

....# # #..........
##### .### ####...####
..# ##..##### #.#
#........ ##########.##
#........ ......[.....#
#.(......
............###.........
..............#.........
#.....9@....#.#.........
##..........#.'........
#$.........###..###.###
#..(.......# #..#§...○#
############ #..#.....#
#....._... ####.....#
####○....# #..###.###


You could see a gargoyle.

Vanquished Creatures
  Erica (D:9)
  Lodul (D:11)
  2 cyclopes (D:11)
  2 kobold demonologists (D:9)
  An unseen horror (D:11)
  Maggie (D:6)
  A komodo dragon (D:8)
  2 trolls
  A slime creature (D:8)
  Sigmund (D:5)
  16 yaks
  A wyvern (D:8)
  A basilisk (D:8)
  Menkaure (D:5)
  A warg (D:6)
  3 water moccasins
  An acid dragon (D:8)
  6 orc warriors
  A sky beast (D:7)
  An ice beast (D:6)
  2 black bears
  12 ogres
  3 centaurs
  4 bullfrogs
  6 kobold brigands
  3 gnoll sergeants
  3 scorpions
  A necrophage (D:4)
  3 wights (D:8)
  5 killer bees
  12 howler monkeys
  2 electric eels
  3 jellies
  8 orc priests
  10 hounds
  3 gnoll boudas
  Jessica (D:2)
  6 iguanas
  Terence (D:3)
  Natasha (thrice) (D:2)
  14 orc wizards
  17 gnolls
  9 adders
  A white imp (D:8)
  3 ufetubi
  A worm (D:3)
  7 dart slugs
  34 orcs
  10 ball pythons
  10 endoplasms
  4 giant cockroaches
  4 goblins
  9 hobgoblins
  4 jackals (D:1)
  4 quokkas
  7 bats
  4 frilled lizards
  6 kobolds
  3 rats
287 creatures vanquished.

Vanquished Creatures (others)
  A hound (D:6)
  An orc (D:6)
  A fungus (D:6)
  11 plants (D:8)
14 creatures vanquished.

Grand Total: 301 creatures vanquished

Notes
Turn   | Place    | Note
-------+----------+-------------------------------------------
     0 | D:1      | mopl the Formicid Warper began the quest for the Orb.
     0 | D:1      | Reached XP level 1. HP: 16/16 MP: 3/3
   105 | D:1      | Reached XP level 2. HP: 4/22 MP: 5/5
   359 | D:1      | Reached skill level 2 in Dodging
   391 | D:1      | Reached skill level 3 in Translocations
   438 | D:1      | Reached XP level 3. HP: 27/28 MP: 6/6
  1346 | D:2      | Reached XP level 4. HP: 34/34 MP: 7/7
  1476 | D:2      | Learned a level 2 spell: Lesser Beckoning
  1482 | D:2      | Learned a level 3 spell: Vhi's Electric Charge
  1584 | D:2      | Found a faded altar of an unknown god.
  1587 | D:2      | Noticed Natasha
  1602 | D:2      | Killed Natasha
  1603 | D:2      | Reached skill level 2 in Armour
  1960 | D:2      | Noticed Natasha
  2098 | D:2      | Killed Natasha
  2099 | D:2      | Reached skill level 3 in Fighting
  2099 | D:2      | Reached skill level 2 in Throwing
  2099 | D:2      | Reached XP level 5. HP: 37/41 MP: 7/9
  2142 | D:2      | Noticed Natasha
  2159 | D:2      | Killed Natasha
  2428 | D:3      | Learned a level 4 spell: Manifold Assault
  2655 | D:3      | Reached XP level 6. HP: 43/47 MP: 10/10
  2989 | D:3      | Noticed Jessica
  2990 | D:3      | Noticed Terence
  3021 | D:2      | Killed Jessica
  3022 | D:2      | Reached skill level 3 in Spellcasting
  3049 | D:3      | Killed Terence
  3243 | D:3      | Reached skill level 3 in Armour
  3298 | D:3      | Reached skill level 3 in Dodging
  3459 | D:4      | Reached XP level 7. HP: 53/53 MP: 11/11
  3606 | D:4      | Found a staircase to the Ecumenical Temple.
  3626 | Temple   | Entered the Ecumenical Temple
  3844 | Temple   | Became a worshipper of Warmaster Okawaru
  3928 | D:4      | Reached skill level 3 in Throwing
  3977 | D:4      | Reached skill level 4 in Fighting
  3977 | D:4      | Reached skill level 1 in Invocations
  4234 | D:4      | Reached skill level 4 in Translocations
  4234 | D:4      | Reached skill level 1 in Evocations
  4313 | D:5      | Entered Level 5 of the Dungeon
  4332 | D:5      | Reached * piety under Okawaru
  4419 | D:5      | Found a radiant altar of Vehumet.
  4511 | D:5      | Noticed Menkaure
  4515 | D:5      | Reached XP level 8. HP: 52/61 MP: 12/12
  4628 | D:4      | Reached skill level 2 in Invocations
  4709 | D:5      | Killed Menkaure
  4710 | D:5      | Reached skill level 4 in Armour
  4710 | D:5      | Reached skill level 2 in Evocations
  5200 | D:5      | Noticed Sigmund
  5209 | D:5      | Killed Sigmund
  5435 | D:5      | Reached skill level 3 in Invocations
  5625 | D:5      | Reached skill level 5 in Fighting
  5668 | D:6      | Noticed Maggie
  5719 | D:6      | Killed Maggie
  5719 | D:6      | Reached ** piety under Okawaru
  5720 | D:6      | Reached skill level 4 in Throwing
  5720 | D:6      | Reached skill level 4 in Dodging
  5720 | D:6      | Reached skill level 3 in Evocations
  5720 | D:6      | Reached XP level 9. HP: 49/68 MP: 13/13
  5724 | D:6      | Reached skill level 4 in Invocations
  5725 | D:6      | Reached skill level 5 in Armour
  5725 | D:6      | Reached skill level 5 in Translocations
  5726 | D:6      | Reached *** piety under Okawaru
  6839 | D:6      | Received a gift from Okawaru
  6851 | D:6      | Reached skill level 4 in Evocations
  6952 | D:6      | Noticed a troll
  7141 | D:6      | Reached skill level 6 in Fighting
  7141 | D:6      | Reached skill level 5 in Throwing
  7141 | D:6      | Reached XP level 10. HP: 65/76 MP: 14/14
  7179 | D:6      | Reached skill level 5 in Invocations
  7194 | D:6      | Reached skill level 5 in Dodging
  7421 | D:6      | Received a gift from Okawaru
  7600 | D:6      | Reached skill level 6 in Armour
  8258 | D:6      | Reached skill level 5 in Evocations
  8258 | D:6      | HP: 2/77 [gnoll/+0 whip (6)]
  9195 | D:7      | Reached skill level 6 in Translocations
  9195 | D:7      | Reached skill level 6 in Invocations
  9693 | D:8      | Found a staircase to the Lair.
  9695 | D:8      | Noticed a komodo dragon
  9721 | D:8      | Killed a komodo dragon
  9721 | D:8      | Received a gift from Okawaru
 10026 | D:8      | Reached skill level 7 in Fighting
 10026 | D:8      | Reached skill level 6 in Throwing
 10050 | D:8      | Reached XP level 11. HP: 44/84 MP: 15/15
 10058 | D:8      | Received a gift from Okawaru
 10939 | D:8      | Reached skill level 7 in Armour
 11058 | D:8      | Reached skill level 6 in Dodging
 11382 | D:8      | Reached skill level 6 in Evocations
 11851 | D:8      | Reached skill level 7 in Invocations
 12019 | D:9      | Noticed Erica
 12279 | D:9      | Killed Erica
 12427 | D:9      | You fall into a shaft and drop 1 floor!
 12427 | D:10     | Entered Level 10 of the Dungeon
 12626 | D:9      | Reached skill level 1 in Shields
 12630 | D:9      | Received a gift from Okawaru
 13131 | D:9      | Reached skill level 2 in Shields
 13143 | D:9      | HP: 1/86 [ice devil[a kobold demonologist] (20)]
 13149 | D:9      | HP: 2/86 [quasit[a kobold demonologist] (1)]
 13150 | D:9      | You fall into a shaft and drop 3 floors!
 13412 | D:11     | Noticed a cyclops
 13432 | D:11     | Killed a cyclops
 13432 | D:11     | Received a gift from Okawaru
 13446 | D:11     | Noticed a cyclops
 13455 | D:11     | Reached skill level 7 in Translocations
 13471 | D:11     | Killed a cyclops
 13471 | D:11     | Received a gift from Okawaru
 13472 | D:11     | Reached skill level 8 in Fighting
 13472 | D:11     | Reached XP level 12. HP: 24/92 MP: 17/17
 13670 | D:11     | Noticed Lodul
 13710 | D:11     | Reached skill level 7 in Throwing
 13735 | D:11     | Killed Lodul
 13736 | D:11     | Reached skill level 8 in Armour
 13736 | D:11     | Reached skill level 3 in Shields
 13985 | D:10     | Reached **** piety under Okawaru
 14277 | D:9      | Received a gift from Okawaru
 14278 | D:9      | Reached skill level 7 in Evocations
 14726 | D:10     | Found a stormy altar of Qazlal.
 14748 | D:10     | Reached skill level 8 in Invocations
 14795 | D:10     | Slain by a gargoyle

Illustrated notes

Levels and vault maps discovered:
D:1:      dpeg_arrival_rooms_b, layout_basic
D:2:      wander_river, layout_basic, hellmonk_ecumenical_altar_run_dry,
          uniq_natasha
D:3:      layout_basic, minmay_fractal_squares_diagonal_5, uniq_jessica,
          uniq_terence
D:4:      layout_rooms, minmay_temple_entry_statues_fountains
D:5:      layout_loops_corners, nicolae_vehumet_altar_sigil, uniq_menkaure,
          uniq_sigmund
D:6:      lemuel_castle_with_subvaults [lemuel_castle_interior_carwin_2],
          layout_rooms, uniq_maggie
D:7:      layout_gridville
D:8:      nzn_winding_woodlands_large [nzn_winding_woodlands_hourglass,
          nzn_winding_woodlands_5x15_twine, nzn_winding_woodlands_5x5_three,
          nzn_winding_woodlands_center_lodge,
          nzn_winding_woodlands_15x15_eel_pit,
          nzn_winding_woodlands_center_diamonds,
          nzn_winding_woodlands_5x5_checkerboard,
          nzn_winding_woodlands_5x15_pool, nzn_winding_woodlands_5x5_perimeter],
          layout_cave_pools, david_lair_shrubbed
D:9:      layout_layer_cave, fountainhead, chequers_serial_rivers_room_b,
          uniq_erica
D:10:     layout_roguey [special_room_bee], grunt_qazlal_clouds, orc_0_dummy,
          gammafunk_ghost_ooze
D:11:     layout_rooms, uniq_lodul
D:12:     layout_roguey
Temple:   mainiacjoe_temple_big_plus

Skill      XL: |  1  2  3  4  5  6  7  8  9 10 11 12 |
---------------+-------------------------------------+-----
Dodging        | 2 3 4 5 6 |  6.7
Translocations | 3 4 5 6 7 |  7.2
Armour         | 2 3 4 5 6 7 8 |  8.1
Fighting       | 3 4 5 6 7 8 |  8.2
Throwing       | 2 3 4 5 6 7 |  7.2
Spellcasting   | 3 |  3.0
Invocations    | 1 3 4 6 7 8 |  8.0
Evocations     | 1 3 4 5 6 7 |  7.0
Shields        | 2 3 |  3.5
Maces & Flails | |  2.0

Action                     |  1- 3 |  4- 6 |  7- 9 | 10-12 || total
---------------------------+-------+-------+-------+-------++-------
  Melee: Mace              |    97 |       |    97 |   695 ||   889
         Punch             |     1 |     8 |     9 |    26 ||    44
         Short sword       |    12 |   281 |   438 |       ||   731
         Trident           |       |       |       |    77 ||    77
         Dire flail        |       |       |       |    63 ||    63
         Glaive            |       |       |       |     7 ||     7
  Throw: Dart              |       |    10 |     6 |     5 ||    21
 Invoke: Heroism           |       |       |     5 |    34 ||    39
Ability: Dig               |       |       |       |     2 ||     2
         Shaft Self        |       |       |       |     1 ||     1
  Evoke: Wand              |       |       |    11 |     4 ||    15
    Use: Scroll            |       |     2 |     4 |     3 ||     9
         Potion            |       |     1 |     1 |     4 ||     6
   Stab: Paralysed         |       |       |     7 |     2 ||     9
         Invisible         |       |       |       |     2 ||     2
 Armour: Leather armour    |    13 |       |       |       ||    13
         Ring mail         |    52 |   136 |   107 |       ||   295
         Chain mail        |       |       |   238 |   413 ||   651
  Dodge: Dodged            |    70 |   139 |   336 |   582 ||  1127
  Block: Buckler           |       |       |       |   127 ||   127

Table legend: (Time is in decaauts)
 A = Elapsed time spent in this place.
 B = Non-inter-level travel time spent in this place.
 C = Inter-level travel time spent in this place.
 D = Time resting spent in this place.
 E = Time spent auto-exploring this place.
 F = Levels seen in this place.
 G = Mean time per level.
                   A        B        C        D        E       F      G
               +--------+--------+--------+--------+--------+-----+--------+
         Total |  15015 |  14589 |    426 |   5331 |   5565 |  13 | 1155.0 |
       Dungeon |  14754 |  14366 |    388 |   5331 |   5381 |  12 | 1229.5 |
        Temple |    261 |    223 |     38 |      0 |    184 |   1 |  261.0 |
               +--------+--------+--------+--------+--------+-----+--------+

Top non-repeatable levels by time:
     D:8: 2599 daAuts
     D:6: 2400 daAuts
     D:5: 1968 daAuts
     D:9: 1575 daAuts
     D:3: 1254 daAuts
     D:1: 1227 daAuts
     D:2: 1031 daAuts
     D:7: 882 daAuts
     D:4: 770 daAuts
    D:11: 562 daAuts
    D:12: 261 daAuts
  Temple: 261 daAuts
    D:10: 220 daAuts
